 Dungeon Crawl Stone Soup version 0.29-a0-551-gffc1d7fb78 (webtiles) character file.

Game seed: 6844216164128694636

108 Sabo the Covered (level 4, -8/29 HPs)
             Began as a Gargoyle Fighter on June 5, 2022.
             Was an Initiate of Gozag.
             Killed by divine providence
             ... invoked by an orc priest
              (15 damage)
             ... on level 3 of the Dungeon.
             The game lasted 00:14:43 (3372 turns).

Sabo the Covered (Gargoyle Fighter)                 Turns: 3372, Time: 00:14:49

Health: -8/29      AC: 14    Str: 20    XL:     4   Next: 87%
Magic:  4/4        EV:  7    Int:  8    God:    Gozag
Gold:   231        SH:  4    Dex: 11    Spells: 3/3 levels left

rFire   + . .      SeeInvis .   i - +1 whip (elec)
rCold   + . .      Faith    .   c - +0 buckler
rNeg    + . .      Spirit   .   p - +0 chain mail
rPois   ∞          Reflect  .   l - +0 helmet
rElec   +          Harm     .   m - scarf {rC+ rF+}
rCorr   .          Rampage  .   (no gloves)
Will    .....                   (no boots)
Stlth   ..........              (no amulet)
HPRegen 0.09/turn               (no ring)
MPRegen 0.09/turn               (no ring)

@: no status effects
A: sickness immunity, AC +3, negative energy resistance 1, electricity
resistance, torment resistance 1, petrification resistance
a: Renounce Religion, Potion Petition, Call Merchant, Bribe Branch


You were on level 3 of the Dungeon.
You worshipped Gozag.
Gozag was aware of your devotion.
You visited 1 branch of the dungeon, and saw 3 of its levels.

You collected 231 gold pieces.

Inventory:

Hand Weapons
 a - a +0 war axe
 i - a +1 whip of electrocution (weapon)
Armour
 c - a +0 buckler (worn)
 l - a +0 helmet (worn)
 m - a scarf of resistance (worn)
 p - a +0 chain mail (worn)
Scrolls
 b - a scroll of poison {unknown}
 o - 2 scrolls of teleportation
 q - a scroll of magic mapping
Potions
 d - 5 potions of might
 f - a potion of curing {unknown}
 g - 2 potions of brilliance
 h - a potion of flight {unknown}
 j - a potion of attraction {unknown}
 k - a potion of invisibility {unknown}
 n - a potion of magic {unknown}


   Skills:
 + Level 3.8 Fighting
 + Level 2.6(2.8) Axes
 + Level 1.0(2.1) Maces & Flails
 + Level 4.2 Armour
 + Level 0.3 Dodging
 + Level 0.4 Stealth
 + Level 3.7 Shields


You had 3 spell levels left.
You didn't know any spells.
Your spell library contained the following spells:

 Spells                   Type           Power      Damage    Failure   Level
 Apportation              Tloc           0%         N/A       99%         1
 Necrotize                Necr           0%         1d4       99%         1
 Summon Small Mammal      Summ           0%         N/A       99%         1
 Call Canine Familiar     Summ           0%         N/A       100%        3
 Gell's Gravitas          Tloc           0%         N/A       100%        3
 Lesser Beckoning         Tloc           0%         N/A       100%        3
 Summon Guardian Golem    Hex/Summ       0%         N/A       100%        3
 Teleport Other           Tloc           0%         N/A       100%        3
 Summon Forest            Summ/Tloc      0%         N/A       100%        5
 Eringya's Noxious Bog    Tmut/Pois      0%         N/A       100%        6
 Summon Hydra             Summ           0%         N/A       100%        7


Dungeon Overview and Level Annotations

Branches:
Dungeon (3/15)

Altars:
Gozag


Innate Abilities, Weirdness & Mutations

You are immune to sickness and miasma.
Your stone body is resilient. (AC +3)
You are immune to poison.
You resist negative energy. (rN+)
You are resistant to electric shocks. (rElec)
You are resistant to unholy torment.
You are immune to petrification.


Message History

The orc is heavily wounded.
The orc priest is distracted by your dazzling golden aura.
The orc barely misses you.
You hit the orc.
You kill the orc!
The orc priest is no longer distracted by gold.
The worm bites you.
* * * LOW HITPOINT WARNING * * *
Something hits you but does no damage.
The orc priest is distracted by your dazzling golden aura.
You hit the orc priest but do no damage.
The orc priest is no longer distracted by gold.
The orc priest hits you but does no damage.
Something hits you but does no damage.
You hit the orc priest.
The orc priest is moderately wounded.
The worm barely misses you. The orc hits you but does no damage.
The orc priest looks satisfied for a moment.
You hear some strange, mumbled words.
A magic dart appears from out of thin air!
The magic dart hits you but does no damage.
As you read the scroll of fear, it crumbles to dust.
You assume a fearsome visage.
The worm looks frightened!
The orc looks frightened!
The orc priest looks frightened! x2
There is a stone staircase leading up here.
An orc opens the door.
The orc priest seems to regain its courage.
The orc priest casts a cantrip, but nothing happens.
The orc priest seems to regain its courage.
The orc priest hits you but does no damage.
You hit the orc priest.
The orc priest is heavily wounded.
You block the orc priest's attack.
You barely miss the orc priest.
The orc priest is heavily wounded.
The orc priest mumbles some strange prayers to Beogh against you.
Beogh smites you!
Ouch! That really hurt!
You die...
Your body crumbles into a pile of gold.

############# #...........#
#@....o..?..# ...
#o..........# ..#+#
########...........# #....
#..................o #....
..................# #....
.....$.###<$....## #....
#####<......$##.#.#
#.##...##........###.##.#...
.......>'...........?.......


You could see 2 orc priests.

Vanquished Creatures
  An orc wizard (D:3)
  2 adders (D:3)
  2 dart slugs
  6 orcs (D:3)
  5 ball pythons
  4 endoplasms
  A giant cockroach (D:3)
  8 goblins
  7 hobgoblins
  3 jackals (D:1)
  A quokka (D:2)
  2 bats
  5 frilled lizards
  5 kobolds
  6 rats
58 creatures vanquished.

Vanquished Creatures (others)
  A hobgoblin (D:1)
  2 plants (D:1)
3 creatures vanquished.

Grand Total: 61 creatures vanquished

Notes
Turn   | Place    | Note
-------+----------+-------------------------------------------
     0 | D:1      | Sabo the Gargoyle Fighter began the quest for the Orb.
     0 | D:1      | Reached XP level 1. HP: 14/14 MP: 1/1
   223 | D:1      | Reached XP level 2. HP: 19/19 MP: 2/2
   485 | D:1      | Reached XP level 3. HP: 22/23 MP: 3/3
  1937 | D:2      | Found a faded altar of an unknown god.
  1960 | D:2      | Prayed at the altar of an unknown god.
  1960 | D:2      | Became a worshipper of Gozag Ym Sagoz the Greedy
  2185 | D:3      | Reached XP level 4. HP: 6/29 MP: 4/4
  2738 | D:3      | Reached skill level 4 in Armour
  3069 | D:3      | Reached skill level 1 in Maces & Flails
  3372 | D:3      | Killed from afar by an orc priest

Illustrated notes

Levels and vault maps discovered:
D:1:      kilobyte_arrival_exit_the_forest, layout_loops_ring
D:2:      layout_loops_ring, chequers_ecumenical_altar_simple_redux
D:3:      layout_basic, kennysheep_small_spiral

Skill      XL: |  1  2  3  4 |
---------------+-------------+-----
Axes           | 2 |  2.6
Armour         | 4 |  4.2
Maces & Flails | 1 |  1.0
Fighting       | |  3.8
Dodging        | |  0.3
Stealth        | |  0.4
Shields        | |  3.7

Action                   |  1- 3 |  4- 6 || total
-------------------------+-------+-------++-------
Melee: War axe           |    67 |       ||    67
       Whip              |    29 |    51 ||    80
  Use: Scroll            |     5 |     1 ||     6
Armor: Scale mail        |    63 |    15 ||    78
       Chain mail        |       |    11 ||    11
Dodge: Dodged            |    55 |    20 ||    75
Block: Buckler           |    24 |    10 ||    34

Table legend: (Time is in decaauts)
 A = Elapsed time spent in this place.
 B = Non-inter-level travel time spent in this place.
 C = Inter-level travel time spent in this place.
 D = Time resting spent in this place.
 E = Time spent auto-exploring this place.
 F = Levels seen in this place.
 G = Mean time per level.
                   A        B        C        D        E       F      G
               +--------+--------+--------+--------+--------+-----+--------+
         Total |   3416 |   3416 |      0 |    652 |      0 |   3 | 1138.7 |
       Dungeon |   3416 |   3416 |      0 |    652 |      0 |   3 | 1138.7 |
               +--------+--------+--------+--------+--------+-----+--------+

Top non-repeatable levels by time:
     D:3: 1237 daAuts
     D:1: 1205 daAuts
     D:2: 974 daAuts
